 Dungeon Crawl Stone Soup version 0.24-a0-317-g5cb8de4 (webtiles) character file.

Game seed: 18170050295836197407

1578 Klosterheim the Digger (level 9, -7/68 HPs)
             Began as a Formicid Earth Elementalist on May 16, 2019.
             Was an Initiate of Vehumet.
             Mangled by Harold
             ... wielding a +0 halberd
              (16 damage)
             ... on level 7 of the Dungeon.
             The game lasted 00:22:16 (8652 turns).

Klosterheim the Digger (FoEE)                       Turns: 8652, Time: 00:22:17

Health: -7/68      AC:  4    Str: 13    XL:     9   Next: 14%
Magic:  13/13      EV: 14    Int: 18    God:    Vehumet [......]
Gold:   360        SH:  0    Dex: 11    Spells: 7/14 levels left

rFire    . . .     SeeInvis +   v - +2 long sword (holy)
rCold    + . .     Gourm    .   (no shield)
rNeg     . . .     Faith    +   c - +0 robe
rPois    .         Spirit   .   (helmet unavailable)
rElec    .         Reflect  .   (no cloak)
rCorr    .         Harm     .   r - +1 pair of gloves
MR       .....                  (no boots)
Stlth    ++........             x - amulet of faith
HPRegen  0.21/turn              j - ring of protection from cold
MPRegen  0.13/turn              t - +1 ring of evasion

@: no status effects
A: permanent stasis, dig shafts and tunnels, four strong arms, antennae 3
a: Dig, Shaft Self, Renounce Religion


You were on level 7 of the Dungeon.
You worshipped Vehumet.
Vehumet was noncommittal.
You were not hungry.

You visited 1 branch of the dungeon, and saw 7 of its levels.

You collected 360 gold pieces.

Inventory:

Hand Weapons
 v - a +2 long sword of holy wrath (weapon)
Missiles
 b - 116 stones (quivered)
 e - 2 throwing nets
Armour
 c - a +0 robe (worn)
 g - a +3 ring mail
 r - a +1 pair of gloves (worn)
 w - a +0 shield
Jewellery
 j - a ring of protection from cold (left hand)
 l - an uncursed ring of fire
 t - a +1 ring of evasion (right hand)
 x - an amulet of faith (around neck)
Wands
 h - a wand of paralysis (7)
 n - a wand of clouds (5)
Scrolls
 a - 6 scrolls of remove curse
 p - 2 scrolls of enchant weapon
Potions
 f - a potion of magic {unknown}
 k - a potion of heal wounds
 m - a potion of flight
 o - 2 potions of mutation
 q - a potion of ambrosia
 u - 6 potions of curing
Comestibles
 d - 17 rations


   Skills:
 - Level 5.0 Fighting
 + Level 5.0 Long Blades
 - Level 4.0 Armour
 + Level 3.2 Dodging
 - Level 3.0 Stealth
 - Level 3.0 Spellcasting
 + Level 3.3 Conjurations
 - Level 2.0 Transmutations
 + Level 6.1 Earth Magic


You had 7 spell levels left.
You knew the following spells:

 Your Spells              Type           Power        Failure   Level  Hunger
a - Sandblast             Erth           ###...       1%          1    None
b - Stone Arrow           Conj/Erth      ###...       7%          3    ###....
c - Passwall              Tmut/Erth      ###.....     4%          2    ##.....
d - Confusing Touch       Hex            #.....       16%         1    None

Your spell library contained the following spells:

 Spells                   Type           Power        Failure   Level  Hunger
 Animate Skeleton         Necr           N/A          16%         1    None
 Apportation              Tloc           #.....       16%         1    None
 Summon Small Mammal      Summ           #...         16%         1    None
 Petrify                  Tmut/Erth      ###.....     30%         4    ####...
 Lee's Rapid Deconstruct  Erth           ###.......   34%         5    ######.
 Confuse                  Hex            #.......     43%         3    ###....
 Gell's Gravitas          Tloc           #.........   43%         3    ###....
 Yara's Violent Unravell  Hex/Tmut       #.........   96%         5    ######.
 Metabolic Englaciation   Hex/Ice        #.........   99%         5    ######.


Dungeon Overview and Level Annotations

Branches:
Dungeon (7/15)
 Temple: D:4-7

Altars:
Ashenzari
Dithmenos
Fedhas
Kikubaaqudgha
Vehumet
Yredelemnul
The Shining One

Annotations:
D:7 Harold


Innate Abilities, Weirdness & Mutations

You cannot be hasted, slowed, berserked, paralysed or teleported.
You can dig through walls and to a lower floor.
Your four strong arms can wield two-handed weapons with a shield.
You have a pair of large antennae on your head. (SInv)


Message History

Harold points at you and mumbles some strange words.
You barely resist. Harold barely misses you.
You riposte.
You barely miss Harold. You hit Harold but do no damage.
Harold appears confused.
Harold yells, "Get them off me!"
Harold hits you with a +0 halberd!
You hit Harold but do no damage.
Harold mumbles something.
The quokka misses you.
You strike the helpless Harold from behind!
You hit Harold but do no damage. Harold closely misses you.
The quokka bites you.
You hit Harold but do no damage.
Harold seems less confused.
The quokka closely misses you. Harold hits you with a +0 halberd!!
* * * LOW HITPOINT WARNING * * *
The quokka closely misses you.
You hit Harold.
Harold is lightly wounded.
Harold hits you with a +0 halberd!
You die...

..#..####.......#
...##..#####.......#
..#.#.)............# .
#.#......!........####
#.
#....................
#.#......[.......<..###
#.#..................#
#.....r.............#
#....@@.............#
#..................##
#..................#
#.#.................#
.#.#................#
#. #.....#######..... .
#.#....# ######
.#.#...#


You could see Harold and a quokka.

Vanquished Creatures
  A black bear (D:6)
  2 centaurs (D:6)
  A wyvern skeleton (D:6)
  A scorpion (D:3)
  9 killer bees
  6 howler monkeys (D:6)
  A crimson imp (D:6)
  2 hounds (D:4)
  3 orc wizards
  An iguana (D:6)
  5 worker ants
  A hound zombie (D:6)
  11 gnolls
  6 adders
  A shadow imp (D:4)
  3 oozes
  2 worms (D:2)
  A dart slug (D:2)
  6 leopard geckos
  13 orcs
  5 bats
  2 giant cockroaches
  2 hobgoblins (D:2)
  14 jackals
  2 quokkas
  2 ball pythons (D:1)
  5 frilled lizards
  4 goblins
  5 kobolds
  A leopard gecko skeleton (D:4)
  6 rats
124 creatures vanquished.

Notes
Turn   | Place    | Note
-------+----------+-------------------------------------------
     0 | D:1      | Klosterheim the Formicid Earth Elementalist began the quest
                  | for the Orb.
     0 | D:1      | Reached XP level 1. HP: 13/13 MP: 3/3
   385 | D:1      | Reached XP level 2. HP: 20/20 MP: 1/5
   859 | D:1      | Reached XP level 3. HP: 25/25 MP: 0/6
   870 | D:1      | Reached skill level 1 in Fighting
  1207 | D:2      | Reached skill level 4 in Earth Magic
  1454 | D:2      | Reached XP level 4. HP: 33/33 MP: 4/8
  2069 | D:3      | Reached XP level 5. HP: 39/41 MP: 9/9
  2180 | D:3      | Reached skill level 1 in Armour
  2183 | D:3      | Reached skill level 1 in Long Blades
  2357 | D:3      | Reached XP level 6. HP: 46/48 MP: 5/10
  2849 | D:4      | Found a blossoming altar of Fedhas.
  3064 | D:4      | Reached XP level 7. HP: 46/54 MP: 8/11
  3140 | D:4      | Noticed a troll
  3441 | D:4      | Learned a level 3 spell: Stone Arrow
  3444 | D:4      | Learned a level 2 spell: Passwall
  3452 | D:4      | Found a glowing golden altar of the Shining One.
  4021 | D:5      | Entered Level 5 of the Dungeon
  4327 | D:5      | Reached skill level 1 in Conjurations
  4528 | D:5      | Reached XP level 8. HP: 60/60 MP: 12/12
  4605 | D:5      | Found a radiant altar of Vehumet.
  4605 | D:5      | Found a shattered altar of Ashenzari.
  4606 | D:5      | Found a basalt altar of Yredelemnul.
  4701 | D:5      | Found an ancient bone altar of Kikubaaqudgha.
  4794 | D:5      | Became a worshipper of Vehumet
  5129 | D:6      | Reached skill level 5 in Earth Magic
  6124 | D:6      | Found a shadowy altar of Dithmenos.
  7272 | D:7      | Noticed Harold
  7838 | D:6      | Reached XP level 9. HP: 33/67 MP: 11/13
  8137 | D:6      | Reached skill level 6 in Earth Magic
  8139 | D:6      | Reached skill level 5 in Fighting
  8139 | D:6      | Reached skill level 5 in Long Blades
  8631 | D:6      | Learned a level 1 spell: Confusing Touch
  8652 | D:7      | Mangled by Harold

Levels and vault maps discovered:
D:1:      matt_arrival_los_fun, layout_loops_corners
D:2:      layout_loops_ring
D:3:      layout_loops_ring
D:4:      layout_gridville, nicolae_overflow_crystal_walls, tso_metal_star
D:5:      layout_basic, nicolae_overflow_quartered_altars, first_ration
D:6:      layout_basic, grunt_dithmenos_smoke_and_mirrors, bh_walls_and_bars
D:7:      layout_basic, nicolae_ru_great_annihilating_truth,
          minmay_temple_entry_mini_moons, minmay_misc_feat_secret_circle,
          the_bakery, uniq_harold

Skill      XL: |  1  2  3  4  5  6  7  8  9 |
---------------+----------------------------+-----
Stealth        | 3 |  3.0
Dodging        | 2 3 |  3.2
Fighting       | 1 3 4 5 |  5.0
Earth Magic    | 4 5 6 |  6.1
Spellcasting   | 3 |  3.0
Armour         | 2 3 4 |  4.0
Long Blades    | 1 2 3 4 5 |  5.0
Conjurations   | 1 3 |  3.3
Transmutations | 2 |  2.0

Action                   |  1- 3 |  4- 6 |  7- 9 || total
-------------------------+-------+-------+-------++-------
Melee: Unarmed           |    46 |    10 |       ||    56
       Long sword        |       |    55 |   155 ||   210
       Falchion          |       |     1 |       ||     1
 Cast: Sandblast         |    37 |    55 |    27 ||   119
       Stone Arrow       |       |       |    24 ||    24
       Confusing Touch   |       |       |     2 ||     2
 Abil: Dig               |       |     1 |     6 ||     7
  Use: Scroll            |       |     1 |    16 ||    17
       Potion            |       |       |     3 ||     3
 Stab: Sleeping          |     1 |     2 |     1 ||     4
       Invisible         |       |       |     3 ||     3
       Confused          |       |       |     1 ||     1
  Eat: Chunk             |     2 |     5 |    11 ||    18
       Ration            |       |       |     3 ||     3
Armor: Robe              |     5 |       |    21 ||    26
       Ring mail         |    25 |    50 |    37 ||   112
Dodge: Dodged            |    49 |    84 |   178 ||   311
       Rpst.: Long sword |       |    28 |    59 ||    87
       Falchion          |       |     2 |       ||     2

Table legend:
 A = Non-vault XP
 B = Vault XP
 C = Vault XP percentage of total XP
 D = Non-vault monster count
 E = Vault monster count
 F = Vault count percentage of total count
                 A         B        C        D         E       F
            +---------+---------+-------+---------+---------+-------
      Total |    2255 |       0 |   0.0 |     124 |       0 |   0.0
            +---------+---------+-------+---------+---------+-------
        D:1 |      36 |       0 |   0.0 |      18 |       0 |   0.0
        D:2 |      62 |       0 |   0.0 |      16 |       0 |   0.0
        D:3 |     268 |       0 |   0.0 |      28 |       0 |   0.0
        D:4 |     256 |       0 |   0.0 |      13 |       0 |   0.0
        D:5 |     473 |       0 |   0.0 |      13 |       0 |   0.0
        D:6 |    1095 |       0 |   0.0 |      33 |       0 |   0.0
        D:7 |      65 |       0 |   0.0 |       3 |       0 |   0.0
            +---------+---------+-------+---------+---------+-------
